 Dungeon Crawl Stone Soup version 0.28-a0-1334-g1c9ffb4daf (webtiles) character file.

Game seed: 16312076033112129670

527 Cheeritup the Chopper (level 7, -4/96 HPs)
             Began as a Hill Orc Monk on Dec 28, 2021.
             Slain by Pikel (18 damage)
             ... on level 5 of the Dungeon.
             The game lasted 00:12:13 (4393 turns).

Cheeritup the Chopper (Hill Orc Monk)               Turns: 4393, Time: 00:12:14

Health: -4/96      AC: 23    Str: 11    XL:     7   Next: 23%
Magic:  7/7        EV:  2    Int: 10    God:
Gold:   143        SH:  0    Dex: 15    Spells: 6/6 levels left

rFire   . . .      SeeInvis .   q - +7 hand axe of a bailey {vamp, rN+++ Str-3}
rCold   . . .      Faith    .   (no shield)
rNeg    + + +      Spirit   .   (armour currently unavailable)
rPois   +          Reflect  .   (helmet currently unavailable)
rElec   .          Harm     .   (cloak currently unavailable)
rCorr   .          Rampage  .   (gloves currently unavailable)
Will    .....      NoTele   +   (boots currently unavailable)
Stlth   ++........              (no amulet)
HPRegen 0.26/turn               e - +4 ring of slaying
MPRegen 0.10/turn               (no ring)

@: tree-form
A: stationary, stasis, torment immunity, boosted hp
a: no special abilities


You were on level 5 of the Dungeon.
You were a tree.
You visited 1 branch of the dungeon, and saw 5 of its levels.

You collected 143 gold pieces.

Inventory:

Hand Weapons
 a - a +0 hand axe
 b - a +0 war axe
 l - a +2 dagger of speed
 q - the +7 hand axe of a bailey (weapon) {vamp, rN+++ Str-3}
   (You found it on level 3 of the Dungeon)

   It occasionally heals its wielder for a portion of the damage dealt when it
   wounds a living foe.
   Str:       It affects your strength (-3).
   rN:        It renders you almost immune to negative energy.
Missiles
 h - 22 poisoned darts (quivered)
Armour
 m - a +3 scale mail (melded)
 n - a +1 cloak (melded)
Magical Staves
 k - a staff of conjuration
 o - a staff of fire
Jewellery
 e - a +4 ring of slaying (left branch)
 g - a ring of willpower
Scrolls
 c - 4 scrolls of identify
 d - a scroll of amnesia {unknown}
 p - a scroll of fog {unknown}
Potions
 f - a potion of magic {unknown}
 i - a potion of mutation
 j - 2 potions of lignification


   Skills:
 + Level 6.8 Fighting
 + Level 7.4 Axes
 + Level 3.0 Armour
 - Level 2.4 Dodging
 - Level 1.5 Stealth


You had 6 spell levels left.
You didn't know any spells.
Your spell library was empty.

Dungeon Overview and Level Annotations

Branches:
Dungeon (4/15)
 Temple: D:4-7

Altars:
Uskayaw

Annotations:
D:5 Duvessa, Pikel


Message History

You don't know any spells.
You don't know any spells.
You turn into a tree.
Your +1 cloak melds into your body.
Your +3 scale mail melds into your body.
Your roots penetrate the ground.
You hit Pikel but do no damage.
Pikel is moderately wounded.
Pikel hits you but does no damage.
You are electrocuted!
You closely miss Pikel.
Pikel is moderately wounded.
Pikel barely misses you.
You hit Pikel.
You feel better.
Pikel is moderately wounded.
A lemure comes into view.
You closely miss Pikel.
Pikel is moderately wounded.
Pikel hits you but does no damage.
You are electrocuted!
* * * LOW HITPOINT WARNING * * *
You hit Pikel.
Pikel is moderately wounded.
Pikel hits you with a +1 whip of electrocution.
* * * LOW HITPOINT WARNING * * *
You are electrocuted!
* * * LOW HITPOINT WARNING * * *
A lemure comes into view.
You hit Pikel.
Pikel is heavily wounded.
Pikel says, "I'm sure the Orcish Mines are around here somewhere..."
Pikel hits you with a +1 whip of electrocution.
* * * LOW HITPOINT WARNING * * *
You barely miss Pikel.
Pikel is heavily wounded.
You miss the lemure. The lemure hits you.
* * * LOW HITPOINT WARNING * * *
Pikel hits you but does no damage.
You hit Pikel but do no damage.
Pikel is heavily wounded.
You slash the lemure! x2; The lemure hits you but does no damage.
Pikel hits you but does no damage.
You are electrocuted!!
You die...

#.# #.# #.# ###
#.# .. #?# .#
##.####### .#
#..5...... .#
#.♣5..# .# #
#K###.#
Z#####.# #5#
#.# .......#
#.# #.#
###.#### #.#
#.# #.# #.#
#.##### #.# #†#
#.#...
#.###########.#
#.#.####.5.
#.##..........#
#5.....K...


You could see Pikel and 3 lemures.

Vanquished Creatures
  A black bear (D:5)
  A necrophage (D:5)
  A water moccasin skeleton (D:4)
  Dowan (D:5)
  A centaur zombie (D:5)
  A jelly (D:3)
  Crazy Yiuf (D:2)
  Jessica (D:2)
  A howler monkey skeleton (D:5)
  4 adders
  2 worms
  4 dart slugs
  4 orcs (D:3)
  4 bats
  7 endoplasms
  3 giant cockroaches
  5 goblins
  9 hobgoblins
  6 jackals
  4 quokkas
  4 ball pythons
  A frilled lizard (D:3)
  10 kobolds
  8 rats
84 creatures vanquished.

Vanquished Creatures (others)
  A quokka (D:5)
  4 plants (D:3)
5 creatures vanquished.

Grand Total: 89 creatures vanquished

Notes
Turn   | Place    | Note
-------+----------+-------------------------------------------
     0 | D:1      | Cheeritup the Hill Orc Monk began the quest for the Orb.
     0 | D:1      | Reached XP level 1. HP: 19/19 MP: 1/1
   160 | D:1      | Reached XP level 2. HP: 3/27 MP: 2/2
   522 | D:1      | HP: 1/27 [jackal (2)]
  1260 | D:1      | Reached XP level 3. HP: 34/34 MP: 3/3
  1508 | D:2      | Found a faded altar of an unknown god.
  1519 | D:2      | Reached skill level 5 in Axes
  1941 | D:2      | Reached XP level 4. HP: 29/41 MP: 4/4
  2058 | D:2      | Noticed Jessica
  2065 | D:2      | Killed Jessica
  2066 | D:2      | Reached skill level 5 in Fighting
  2295 | D:2      | Found a hide-covered altar of Uskayaw.
  2400 | D:2      | Found a runed translucent door.
  2401 | D:2      | Noticed Crazy Yiuf
  2554 | D:2      | Killed Crazy Yiuf
  2555 | D:2      | Reached XP level 5. HP: 5/48 MP: 5/5
  3100 | D:3      | Reached skill level 6 in Axes
  3831 | D:3      | Identified the +7 hand axe of a bailey {vamp, rN+++ Str-3}
  4222 | D:4      | Reached skill level 1 in Armour
  4222 | D:4      | Reached XP level 6. HP: 53/57 MP: 6/6
  4269 | D:4      | You fall into a shaft and drop 1 floor!
  4269 | D:5      | Entered Level 5 of the Dungeon
  4272 | D:5      | Noticed a necrophage
  4279 | D:5      | Killed a necrophage
  4286 | D:5      | Noticed Dowan
  4286 | D:5      | Noticed Duvessa
  4310 | D:5      | Reached skill level 7 in Axes
  4325 | D:5      | Killed Dowan
  4344 | D:5      | Reached XP level 7. HP: 63/64 MP: 7/7
  4353 | D:5      | Noticed Pikel
  4393 | D:5      | Slain by Pikel

Illustrated notes

Levels and vault maps discovered:
D:1:      dpeg_arrival_oval, layout_basic
D:2:      layout_basic, basic_altar, ebering_ecumenical_altar_petrified,
          minivault_11, minmay_misc_feat_four_crosses, uniq_jessica,
          uniq_crazy_yiuf_cottage
D:3:      layout_basic, serial_rivers, chequers_serial_rivers_room_a,
          chequers_serial_rivers_micro_a, chequers_serial_rivers_small_a,
          chequers_serial_rivers_room_b, chequers_serial_rivers_micro_d,
          guppyfry_early_lair_pool
D:4:      layout_loops_cross, mainiacjoe_overflow_alcove_2,
          nicolae_ru_great_annihilating_truth
D:5:      layout_loops_ring, elyvilon_altar_4, minmay_ruined_shrine, uniq_pikel,
          uniq_eustachio, uniq_duvessa

Skill      XL: |  1  2  3  4  5  6  7 |
---------------+----------------------+-----
Fighting       | 4 5 6 |  6.8
Axes           | 5 6 7 |  7.4
Armour         | 1 2 3 |  3.0
Dodging        | |  2.4
Stealth        | |  1.5

Action                   |  1- 3 |  4- 6 |  7- 9 || total
-------------------------+-------+-------+-------++-------
Melee: Hand axe          |   157 |    41 |    22 ||   220
       Dagger            |       |   121 |       ||   121
Throw: Dart              |       |     6 |       ||     6
  Use: Scroll            |       |     6 |       ||     6
       Potion            |       |       |     1 ||     1
 Stab: Sleeping          |     1 |       |       ||     1
Armor: Robe              |    14 |       |       ||    14
       Chain mail        |    75 |     6 |       ||    81
       Scale mail        |       |    53 |    11 ||    64
       Skin              |       |       |     5 ||     5
Dodge: Dodged            |    73 |    36 |     9 ||   118

Table legend: (Time is in decaauts)
 A = Elapsed time spent in this place.
 B = Non-inter-level travel time spent in this place.
 C = Inter-level travel time spent in this place.
 D = Time resting spent in this place.
 E = Time spent auto-exploring this place.
 F = Levels seen in this place.
 G = Mean time per level.
                   A        B        C        D        E       F      G
               +--------+--------+--------+--------+--------+-----+--------+
         Total |   4359 |   4243 |    116 |   1208 |   2190 |   5 |  871.8 |
       Dungeon |   4359 |   4243 |    116 |   1208 |   2190 |   5 |  871.8 |
               +--------+--------+--------+--------+--------+-----+--------+

Top non-repeatable levels by time:
     D:2: 1513 daAuts
     D:1: 1370 daAuts
     D:3: 1300 daAuts
     D:5: 121 daAuts
     D:4: 54 daAuts
